 Dungeon Crawl Stone Soup version 0.28.0 (webtiles) character file.

Game seed: 7108497835429153621

6144 arthad the Covert (level 10, -11/69 HPs)
             Began as an Octopode Delver on Feb 17, 2022.
             Was an Elder of Okawaru.
             Mangled by a boulder beetle (42 damage)
             ... on level 9 of the Dungeon.
             The game lasted 00:27:19 (8473 turns).

arthad the Covert (Octopode Delver)                 Turns: 8473, Time: 00:27:20

Health: -11/69     AC:  5    Str: 12    XL:     10   Next: 90%
Magic:  17/17      EV: 17    Int: 17    God:    Okawaru [****..]
Gold:   479        SH:  0    Dex: 22    Spells: 9/19 levels left

rFire   . . .      SeeInvis .   A - +9 hunting sling of Balance {freeze, Dex+3}
rCold   . . .      Faith    .   (no shield)
rNeg    . . .      Spirit   .   (helmet restricted)
rPois   .          Reflect  .   g - amulet of regeneration
rElec   .          Harm     .   q - +4 ring of protection
rCorr   .          Rampage  .   x - +6 ring of dexterity
Will    .....                   (no ring)
Stlth   +++++.....              (no ring)
HPRegen 1.01/turn               (no ring)
MPRegen 0.15/turn               (no ring)
                                (no ring)
                                (no ring)

@: hasted, studying Necromancy, very quick
A: almost no armour, amphibious, 8 rings, camouflage 1, gelatinous body 1,
(nimble swimmer 1), tentacles
a: Renounce Religion, Heroism, Finesse


You were on level 9 of the Dungeon.
You worshipped Okawaru.
Okawaru was greatly pleased with you.
You visited 1 branch of the dungeon, and saw 9 of its levels.
You also visited: Sewer.

You collected 479 gold pieces.

Inventory:

Hand Weapons
 a - a +0 spear
 j - a +1 dagger of protection
 y - a +2 dagger of flaming
 A - the +9 hunting sling of Balance (weapon) {freeze, Dex+3}
   (You found it on level 4 of the Dungeon)

   Any ammunition fired from it freezes those it strikes, dealing additional
   cold damage.
   It can also slow down cold-blooded creatures.
   Dex:       It affects your dexterity (+3).
 F - a +3 spear
 H - a +0 rapier
 P - a +2 dagger of electrocution
Missiles
 r - 24 poisoned darts (quivered)
 u - 4 boomerangs
 w - 2 silver javelins
 B - 17 stones (quivered ammo)
 E - a throwing net
 G - 154 sling bullets
 Q - a curare-tipped dart
 R - 4 atropa-tipped darts
Magical Staves
 c - a staff of conjuration
Jewellery
 g - an amulet of regeneration (around mantle)
 l - an amulet of reflection
 m - an amulet of reflection
 q - a +4 ring of protection (left tentacle)
 x - a +6 ring of dexterity (right tentacle)
 M - an amulet of guardian spirit
 N - a ring of ice
 T - a ring of protection from cold
Wands
 f - a wand of digging (3)
 D - a wand of polymorph (4)
Scrolls
 b - a scroll of fog
 e - 2 scrolls of enchant armour {unknown}
 h - 3 scrolls of teleportation {unknown}
 i - 8 scrolls of identify {unknown}
 k - a scroll of amnesia {unknown}
 p - 2 scrolls of immolation {unknown}
 t - a scroll of noise {unknown}
 v - a scroll of torment {unknown}
 J - a scroll of silence {unknown}
 K - 4 scrolls of enchant weapon {unknown}
 O - a scroll of magic mapping
Potions
 n - 2 potions of curing
 o - a potion of might {unknown}
 s - 3 potions of lignification {unknown}
 z - 2 potions of cancellation {unknown}
 C - 3 potions of ambrosia {unknown}
 I - 3 potions of flight {unknown}
 L - a potion of invisibility {unknown}
Miscellaneous
 d - a lightning rod (1/4)


   Skills:
 + Level 6.6 Fighting
 + Level 6.3 Polearms
 * Level 6.2 Slings
 + Level 6.2 Dodging
 - Level 8.7 Stealth
 + Level 5.0 Spellcasting
 - Level 1.8 Conjurations
 + Level 5.2 Necromancy
 + Level 4.7 Invocations
 + Level 5.1 Evocations


You had 9 spell levels left.
You knew the following spells:

 Your Spells              Type           Power      Damage    Failure   Level
a - Corpse Rot            Necr/Air       26%        N/A       8%          2
b - Dispel Undead         Necr           22%        3d12      16%         4
c - Olgreb's Toxic Radia  Pois           4%         N/A       80%         4

Your spell library contained the following spells:

 Spells                   Type           Power      Damage    Failure   Level
 Ozocubu's Refrigeration  Ice            2%         4d5       100%        7
 Ignition                 Fire           2%         3d3       100%        8
 Death Channel            Necr           Unusable   N/A       N/A         6

Dungeon Overview and Level Annotations

Branches:
Dungeon (9/15)             Temple (0/1) D:6           Sewer (visited)
   Lair: D:8-11         Orc: D:9-12

Altars:
Dithmenos
Gozag
Nemelex Xobeh
Okawaru
Qazlal
Ru
Uskayaw
Yredelemnul

Annotations:
D:9 3 runed translucent doors, JJisdabomb's ghost, novice DsGl


Innate Abilities, Weirdness & Mutations

You cannot wear most types of armour.
You are amphibious.
You can wear up to eight rings at the same time.
Your skin changes colour to match your surroundings (Stealth+).
Your rubbery body absorbs attacks. (AC +1, EV +1)
((You are camouflaged when in or above water. (Stealth+)))
You have tentacles for arms and can constrict up to eight enemies at once.


Message History

The boulder beetle is moderately wounded.
The boulder beetle leaps!
You shoot a stone.
The stone barely misses the boulder beetle.
The boulder beetle curls into a ball and begins rolling!
You shoot a stone.
The stone hits the boulder beetle but does no damage.
The boulder beetle is moderately wounded.
You shoot a stone. The stone hits the boulder beetle.
The stone freezes the boulder beetle.
The boulder beetle is moderately wounded.
The boulder beetle closely misses you.
The boulder beetle stops rolling and uncurls.
You shoot a stone.
The stone barely misses the boulder beetle.
You shoot a stone. The stone hits the boulder beetle.
The stone freezes the boulder beetle.
The boulder beetle is moderately wounded.
The boulder beetle bites you!!
You shoot a stone.
The stone hits the boulder beetle but does no damage.
The boulder beetle is moderately wounded.
The boulder beetle bites you!!
* * * LOW HITPOINT WARNING * * *
You are too injured to fight recklessly!
Aiming: Polymorph
Press: ? - help, Shift-Dir - straight line, f/p - boulder beetle
Aim: a boulder beetle (moderately wounded, will become a deep troll, a radroach, or an orb spider, chance to affect: 45%)
The boulder beetle resists with some effort.
The boulder beetle barely misses you.
Unknown command.
Unknown command.
Okay, then.
You feel yourself speed up. The boulder beetle barely misses you.
The boulder beetle leaps!
It was a potion of curing.
You feel better.
The boulder beetle curls into a ball and begins rolling!
The boulder beetle hits you!!!
Ouch! That really hurt!
You die...

.#####..#KK#K#KK#.<##
.#..#8K#.#K8#...#
####.#..#..#.#.K#...#
.....#..##.....##...#
#..###(.###$??##....#
K(.(((..p.#####.....#
######(.###.........#
#..# #.........# #..#
#.....@...# #..#
#......B..##### #(.#
#.....°........# #..#
##.......#####.. #..#
##...#######
##..○(((..(
#.....†(!. #..)......
#.########


You could see a boulder beetle (rolling).

Vanquished Creatures
  A two-headed ogre (D:6)
  A troll (D:9)
  Grinder (D:5)
  A hornet (D:8)
  Sigmund (D:4)
  A redback (D:8)
  A steam dragon (D:9)
  A vampire mosquito (D:9)
  A water moccasin (D:6)
  3 orc warriors
  2 ice beasts
  A sky beast (D:8)
  A necrophage (D:6)
  3 ogres
  6 centaurs
  A phantom (D:5)
  4 kobold brigands
  Blork the orc (D:6)
  4 bullfrogs
  A wyvern zombie (D:9)
  3 water moccasin skeletons
  2 killer bees
  10 wights (D:6)
  2 howler monkeys
  4 centaur zombies
  2 bullfrog zombies
  A human zombie (D:6)
  4 hounds
  3 jellies
  2 gnoll shamans (D:5)
  2 orc priests
  A bullfrog skeleton (D:5)
  A centaur skeleton (D:5)
  4 orc wizards
  3 scorpion zombies (D:5)
  5 iguanas
  2 killer bee zombies
  A hound skeleton (D:4)
  Robin (D:4)
  2 howler monkey zombies
  9 gnolls
  13 adders
  10 river rats
  An ufetubus (D:6)
  2 worms
  2 dart slugs
  19 orcs
  7 bats
  18 endoplasms
  9 giant cockroaches
  15 goblins
  9 hobgoblins
  7 jackals
  18 kobolds
  16 quokkas
  10 ball pythons
  8 frilled lizards
  27 rats
291 creatures vanquished.

Vanquished Creatures (others)
  3 fungi (D:9)
  A plant (D:9)
4 creatures vanquished.

Grand Total: 295 creatures vanquished

Notes
Turn   | Place    | Note
-------+----------+-------------------------------------------
     0 | D:5      | arthad the Octopode Delver began the quest for the Orb.
     0 | D:5      | Reached XP level 1. HP: 16/16 MP: 1/1
    23 | D:5      | Reached XP level 2. HP: 12/21 MP: 2/2
   173 | D:5      | Reached skill level 7 in Stealth
   173 | D:5      | Reached XP level 3. HP: 20/26 MP: 3/3
   225 | D:5      | Reached XP level 4. HP: 28/31 MP: 4/4
   344 | D:4      | Noticed an ogre
   524 | D:3      | Reached XP level 5. HP: 31/37 MP: 6/6
   563 | D:3      | Reached skill level 1 in Spellcasting
   584 | D:3      | Found a glowing drain.
   588 | Sewer    | Entered a sewer
   779 | Sewer    | Reached XP level 6. HP: 41/43 MP: 8/8
  1192 | D:2      | Reached skill level 8 in Stealth
  1927 | D:2      | You fall into a shaft and drop 1 floor!
  2240 | D:3      | Found a faded altar of an unknown god.
  2251 | D:3      | Reached XP level 7. HP: 46/49 MP: 10/10
  3127 | D:4      | Found a shadowy altar of Dithmenos.
  3297 | D:4      | Reached skill level 1 in Conjurations
  3366 | D:4      | Noticed Sigmund
  3392 | D:4      | Killed Sigmund
  3393 | D:4      | Reached skill level 1 in Evocations
  3393 | D:4      | Reached XP level 8. HP: 54/54 MP: 10/12
  3437 | D:4      | Noticed Robin
  3448 | D:4      | Killed Robin
  3466 | D:4      | Identified the +9 hunting sling of Balance {freeze, Dex+3}
  3843 | D:4      | Found an iron altar of Okawaru.
  3851 | D:4      | Became a worshipper of Warmaster Okawaru
  4061 | D:5      | Reached skill level 1 in Slings
  4109 | D:5      | Reached skill level 5 in Fighting
  4332 | D:5      | Reached skill level 1 in Invocations
  4419 | D:5      | Noticed Grinder
  4433 | D:5      | Killed Grinder
  4552 | D:5      | Reached * piety under Okawaru
  4579 | D:5      | Reached XP level 9. HP: 60/61 MP: 14/14
  4894 | D:5      | Reached skill level 5 in Polearms
  4951 | D:5      | Learned a level 2 spell: Corpse Rot
  4956 | D:5      | Learned a level 4 spell: Dispel Undead
  5105 | D:6      | Reached skill level 5 in Dodging
  5137 | D:6      | Noticed Blork the orc
  5146 | D:6      | Killed Blork the orc
  5185 | D:6      | Reached skill level 1 in Necromancy
  5196 | D:6      | Identified the +8 chain mail "Nyimun" {rF+}
  5246 | D:6      | Reached ** piety under Okawaru
  5615 | D:6      | Found a basalt altar of Yredelemnul.
  5649 | D:6      | Found a stormy altar of Qazlal.
  5685 | D:6      | Noticed a two-headed ogre
  5690 | D:6      | Killed a two-headed ogre
  5690 | D:6      | Reached *** piety under Okawaru
  5691 | D:6      | Reached skill level 5 in Slings
  5691 | D:6      | Reached XP level 10. HP: 68/68 MP: 16/16
  5904 | D:6      | Found an opulent altar of Gozag.
  5952 | D:6      | Found a staircase to the Ecumenical Temple.
  6371 | D:7      | Learned a level 4 spell: Olgreb's Toxic Radiance
  6536 | D:7      | Found a sacrificial altar of Ru.
  7491 | D:8      | Found a hide-covered altar of Uskayaw.
  7595 | D:8      | Reached **** piety under Okawaru
  7629 | D:8      | Noticed a two-headed ogre
  7728 | D:8      | a two-headed ogre changed into a redback
  7735 | D:8      | Received a gift from Okawaru
  8118 | D:9      | Found a sparkling altar of Nemelex Xobeh.
  8199 | D:9      | Found a runed translucent gate.
  8199 | D:9      | Found a runed translucent gate.
  8199 | D:9      | Found a runed translucent gate.
  8200 | D:9      | Noticed a kobold demonologist
  8200 | D:9      | Noticed a kobold demonologist
  8200 | D:9      | Noticed a kobold demonologist
  8200 | D:9      | Noticed JJisdabomb's ghost (novice DsGl)
  8251 | D:9      | Reached skill level 5 in Evocations
  8347 | D:9      | Reached skill level 5 in Necromancy
  8413 | D:9      | Received a gift from Okawaru
  8418 | D:9      | Reached skill level 5 in Spellcasting
  8425 | D:9      | Noticed a death knight
  8452 | D:9      | Noticed a boulder beetle
  8473 | D:9      | Mangled by a boulder beetle

Illustrated notes

Levels and vault maps discovered:
D:1:      heliophobic_arrival_ceremonial_halls, layout_basic, solitary_fountain
D:2:      layout_loops_ring
D:3:      layout_basic, gup_sewer_entry_spiral,
          chequers_ecumenical_altar_simple_redux
D:4:      layout_loops_ring, okawaru_altar_gauntlet_db,
          nicolae_dithmenos_through_a_glass_darkly, uniq_robin, uniq_sigmund
D:5:      lemuel_ratsnest, layout_cave_pools, minmay_manual_mullet, uniq_grinder
D:6:      layout_loops_cross, lemuel_mausoleum_altar_yredelemnul,
          mainiacjoe_overflow_concentric_impassable,
          mainiacjoe_overflow_small_starburst, minmay_temple_entry_poolview,
          hangedman_glass_teeth, uniq_blork_the_orc
D:7:      layout_layer_cave, nicolae_ru_great_annihilating_truth
D:8:      layout_rooms, mainiacjoe_overflow_catwalk
D:9:      minmay_the_grid_3x3 [minmay_the_grid_minigrid_small_alt,
          minmay_the_grid_square_x, minmay_the_grid_broken_lines,
          minmay_the_grid_dragon_b, minmay_the_grid_tiny_cups,
          minmay_the_grid_armoury, minmay_the_grid_zigzag_pyramid,
          minmay_the_grid_tree, minmay_the_grid_prize_big_room], layout_rooms,
          nemelex_spade_bored_becter, cheibriados_altar_2,
          gammafunk_ghost_nasty_kobolds, nzn_sisyphean_effort

Skill      XL: |  1  2  3  4  5  6  7  8  9 10 |
---------------+-------------------------------+-----
Stealth        | 7 8 |  8.7
Polearms       | 3 4 5 6 |  6.3
Dodging        | 3 4 5 6 |  6.2
Spellcasting   | 1 2 3 4 5 |  5.0
Fighting       | 4 5 6 |  6.6
Conjurations   | 1 |  1.8
Evocations     | 1 2 4 5 |  5.1
Slings         | 2 5 6 |  6.2
Invocations    | 2 3 4 |  4.7
Necromancy     | 3 5 |  5.2

Action                   |  1- 3 |  4- 6 |  7- 9 | 10-12 || total
-------------------------+-------+-------+-------+-------++-------
Melee: Spear             |    22 |   257 |    97 |       ||   376
       Tentacles         |     5 |    40 |    20 |       ||    65
       Constrict         |     2 |    48 |    17 |       ||    67
       Punch             |       |     4 |     2 |       ||     6
 Fire: Hunting sling     |       |       |   273 |   192 ||   465
Throw: Dart              |       |       |       |    13 ||    13
Invok: Heroism           |       |       |       |     1 ||     1
Evoke: Lightning rod     |       |     2 |       |     4 ||     6
       Wand              |       |       |       |     3 ||     3
  Use: Potion            |       |     2 |       |     2 ||     4
       Scroll            |       |     2 |       |     1 ||     3
 Stab: Sleeping          |       |    38 |    13 |       ||    51
       Distracted        |       |     1 |       |       ||     1
Armor: Skin              |     1 |    19 |    22 |    12 ||    54
Dodge: Dodged            |     9 |    91 |   116 |    81 ||   297
